 Dungeon Crawl Stone Soup version 0.29.0-4-gdea44cf6ec (webtiles) character file.

Game seed: 18364729718199106372

314 qw the Ruffian (level 6, -2/59 HPs)
             Began as a Troll Cinder Acolyte on Sept 1, 2022.
             Was a High Priest of Ignis.
             Killed by nerve-wracking pain
             ... invoked by Grinder
              (5 damage)
             ... on level 4 of the Dungeon.
             The game lasted 00:01:37 (3069 turns).

qw the Ruffian (Troll Cinder Acolyte)               Turns: 3069, Time: 00:01:37

Health: -2/59      AC: 15    Str: 25    XL:     6   Next: 19%
Magic:  0/6        EV:  9    Int: 10    God:    Ignis [*****.]
Gold:   51         SH:  0    Dex:  5    Spells: 7/7 levels left

rFire   + . .      SeeInvis .     - Unarmed
rCold   . . .      Faith    .   (no shield)
rNeg    . . .      Spirit   +   a - +0 robe
rPois   .          Reflect  .   o - +2 hat
rElec   .          Harm     .   c - +1 cloak
rCorr   .          Rampage  .   (gloves unavailable)
Will    .....                   (boots unavailable)
Stlth   +.........              d - amulet of guardian spirit
HPRegen 0.99/turn               (no ring)
MPRegen 0.10/turn               (no ring)

@: about to teleport, fiery-armoured
A: large, unfitting armour, claws 3, regeneration 1, shaggy fur 1, tough skin 1
a: Renounce Religion, Fiery Armour, Foxfire Swarm, Rising Flame


You were on level 4 of the Dungeon.
You worshipped Ignis.
Ignis was extremely pleased with you.
You visited 1 branch of the dungeon, and saw 4 of its levels.

You collected 174 gold pieces.
You spent 123 gold pieces at shops.


Innate Abilities, Weirdness & Mutations

You are too large for most types of armour.
You have claws for hands.
Your natural rate of healing is unusually fast.
You are covered in fur. (AC +1)
You have tough skin. (AC +1)


   Skills:
 - Level 2.4 Fighting
 + Level 7.0 Unarmed Combat
 - Level 1.0 Spellcasting
 - Level 2.1 Fire Magic


You had 7 spell levels left.
You didn't know any spells.
Your spell library contained the following spells:

 Spells                   Type           Power      Damage    Failure   Level
 Scorch                   Fire           8%         2d5       22%         2

Inventory:

Missiles
 k - 3 boomerangs (quivered)
Armour
 a - a +0 robe (worn)
 c - a +1 cloak (worn)
 o - a +2 hat (worn)
Jewellery
 d - an amulet of guardian spirit (around neck)
 g - a ring of ice
 j - an amulet of regeneration
Scrolls
 b - a scroll of teleportation
 l - a scroll of identify
 m - a scroll of summoning {unknown}
 p - a scroll of enchant weapon
Potions
 e - a potion of curing
 f - a potion of heal wounds
 h - a potion of resistance
 i - a potion of mutation {unknown}
 n - a potion of lignification {unknown}

Dungeon Overview and Level Annotations

Branches:
Dungeon (4/15)             Temple (0/1) D:4

Altars:
Kikubaaqudgha
Vehumet
Yredelemnul

Shops:
D:2 ?   D:3 :

Annotations:
D:4 Grinder, Menkaure


Message History

You kill the iguana!
You have reached level 6!
You feel stronger.
You claw the iguana!
The iguana is heavily wounded.
The iguana closely misses you.
You claw the iguana!
You kill the iguana!
Your Unarmed Combat skill increases to level 7!
You see here an iguana corpse.
Menkaure, Prince of Dust comes into view.
Menkaure shouts!
Grinder comes into view.
3063 ||| INVOKING Fiery Armour.
A protective cloak of flame settles atop you.
Menkaure points at you and mumbles some strange words.
Pain shoots through your body!
You barely miss Menkaure.
Menkaure calls on the powers of darkness!
Your body is wracked with pain!
You claw Menkaure!
Menkaure is heavily damaged.
Grinder blinks!
You barely miss Menkaure.
Menkaure is heavily damaged.
Menkaure hits you but does no damage.
Menkaure is burned terribly!
Menkaure is burned by your cloak of flames.
Menkaure is severely damaged.
You barely miss Menkaure.
Menkaure is severely damaged.
Grinder gestures at you. Pain shoots through your body! Menkaure hits you!
Menkaure is burned terribly!
Menkaure is burned by your cloak of flames.
Menkaure is almost destroyed.
3069 ||| READING 2 scrolls of teleportation.
As you read the scroll of teleportation, it crumbles to dust.
You feel strangely unstable.
Grinder says, "You look like you could use a good racking."
Grinder gestures at you. Pain shoots through your body!
You die...

####.# .....
....###
####.......
####.5......##
#.............
.###......M...#
.........@....+
##..........#
#..........#
#..........#
+..........#
#..%########
##....####
#........# .
#........#####..


You could see Grinder and Menkaure.

Vanquished Creatures
  An orc priest (D:3)
  Jessica (D:2)
  2 iguanas (D:4)
  2 orc wizards (D:3)
  Robin (D:2)
  3 gnolls (D:3)
  2 adders
  2 worms
  4 dart slugs
  9 orcs (D:3)
  2 ball pythons
  4 bats
  3 endoplasms
  16 goblins
  9 hobgoblins
  4 jackals (D:3)
  6 kobolds
  A quokka (D:1)
  A frilled lizard (D:1)
  3 rats
76 creatures vanquished.

Notes
Turn   | Place    | Note
-------+----------+-------------------------------------------
     0 | D:1      | qw the Troll Cinder Acolyte began the quest for the Orb.
     0 | D:1      | Reached XP level 1. HP: 22/22 MP: 1/1
     0 | D:1      | 0 ||| qw: Version: 0.1-a-97-g2dd2ca4
     0 | D:1      | 0 ||| qw: Game counter: 4747
     0 | D:1      | 0 ||| qw: Always use a shield: true
     0 | D:1      | 0 ||| qw: God list: Okawaru
     0 | D:1      | 0 ||| qw: Allow faded altars: false
     0 | D:1      | 0 ||| qw: Do Orc after D:15 true
     0 | D:1      | 0 ||| qw: Do second Lair branch before Depths: true
     0 | D:1      | 0 ||| qw: Lair rune preference: random
     0 | D:1      | 0 ||| qw: Plans: Normal
     0 | D:1      | 0 ||| PLANNING D:1-11
    11 | D:1      | 11 ||| Stepping ~*~*~tactically~*~*~ (hiding).
   348 | D:1      | Reached XP level 2. HP: 29/29 MP: 2/2
   351 | D:1      | 351 ||| Stepping ~*~*~tactically~*~*~ (stealth).
   370 | D:1      | 370 ||| Stepping ~*~*~tactically~*~*~ (stealth).
   371 | D:1      | 371 ||| Stepping ~*~*~tactically~*~*~ (stealth).
   527 | D:1      | 527 ||| Stepping ~*~*~tactically~*~*~ (stealth).
   530 | D:1      | 530 ||| Stepping ~*~*~tactically~*~*~ (hiding).
   596 | D:1      | Reached skill level 4 in Unarmed Combat
   806 | D:1      | 806 ||| UPGRADING to +0 cloak.
   811 | D:1      | 811 ||| UPGRADING to amulet of guardian spirit.
   816 | D:1      | 816 ||| READING scroll labelled NIEROPP ERAMM.
   821 | D:1      | 821 ||| READING scroll labelled GOTRIMO GEDEU.
   822 | D:1      | 822 ||| READING scroll labelled PEATRIURUCH.
   823 | D:1      | 823 ||| READING scroll labelled HOOSHR ATOIDGH.
  1047 | D:2      | 1047 ||| Stepping ~*~*~tactically~*~*~ (hiding).
  1055 | D:2      | Reached XP level 3. HP: 36/36 MP: 3/3
  1274 | D:2      | Noticed Jessica
  1279 | D:2      | Killed Jessica
  1358 | D:2      | Reached XP level 4. HP: 39/44 MP: 4/4
  1392 | D:2      | Reached skill level 5 in Unarmed Combat
  1414 | D:2      | 1414 ||| Stepping ~*~*~tactically~*~*~ (stealth).
  1416 | D:2      | 1416 ||| Stepping ~*~*~tactically~*~*~ (stealth).
  1417 | D:2      | Noticed Robin
  1418 | D:2      | 1418 ||| Stepping ~*~*~tactically~*~*~ (stealth).
  1435 | D:2      | Killed Robin
  1445 | D:2      | 1445 ||| STAIRDANCE
  1449 | D:1      | 1449 ||| READING 3 scrolls labelled QUVILL DIMOWN.
  1450 | D:1      | 1450 ||| READING scroll labelled NIFFECR GOBO.
  1451 | D:1      | 1451 ||| DRINKING 2 viscous clear potions.
  1452 | D:1      | 1452 ||| READING 2 scrolls of identify.
  1452 | D:1      | 1452 ||| IDENTIFYING viscous blue potion
  1455 | D:2      | 1455 ||| STAIRDANCE
  1461 | D:2      | 1461 ||| STAIRDANCE
  1466 | D:2      | 1466 ||| STAIRDANCE
  1553 | D:2      | Found Wengaryhu's Magic Scroll Boutique.
  1561 | D:2      | 1561 ||| SHOPLISTING scroll of acquirement (676 gold, have
                  | 123).
  1561 | D:2      | 1561 ||| BUYING scroll of enchant armour (97 gold).
  1561 | D:2      | Bought a scroll of enchant armour for 97 gold pieces
  1561 | D:2      | 1561 ||| BUYING scroll of identify (26 gold).
  1561 | D:2      | Bought a scroll of identify for 26 gold pieces
  1561 | D:2      | 1561 ||| SHOPLISTING scroll of identify (26 gold, have 0).
  1561 | D:2      | 1561 ||| READING scroll of enchant armour.
  1561 | D:2      | 1561 ||| ENCHANTING +0 cloak.
  1747 | D:2      | 1747 ||| DRINKING 2 lumpy clear potions.
  1748 | D:2      | 1748 ||| READING 2 scrolls of identify.
  1748 | D:2      | 1748 ||| IDENTIFYING grey potion
  1749 | D:2      | 1749 ||| DROPPING potion of magic.
  1821 | D:3      | Reached XP level 5. HP: 39/50 MP: 3/5
  1823 | D:3      | Reached skill level 6 in Unarmed Combat
  1863 | D:3      | 1863 ||| Stepping ~*~*~tactically~*~*~ (stealth).
  1874 | D:3      | Found Etoamoh's Book Shop.
  1898 | D:3      | 1898 ||| Stepping ~*~*~tactically~*~*~ (stealth).
  1904 | D:3      | 1904 ||| Stepping ~*~*~tactically~*~*~ (stealth).
  1934 | D:3      | Found a basalt altar of Yredelemnul.
  2028 | D:3      | Found a faded altar of an unknown god.
  2352 | D:3      | 2352 ||| INVOKING Fiery Armour.
  2353 | D:3      | 2353 ||| Stepping ~*~*~tactically~*~*~ (outnumbered).
  2355 | D:3      | 2355 ||| Stepping ~*~*~tactically~*~*~ (outnumbered).
  2682 | D:3      | 2682 ||| UPGRADING to +2 hat.
  2687 | D:3      | 2687 ||| READING scroll labelled XIQEIV TIRGHI.
  2688 | D:3      | 2688 ||| DRINKING 2 bubbling coppery potions.
  2689 | D:3      | 2689 ||| READING 2 scrolls of identify.
  2689 | D:3      | 2689 ||| IDENTIFYING viscous inky potion
  2690 | D:3      | 2690 ||| DROPPING potion of brilliance.
  2691 | D:3      | 2691 ||| DROPPING potion of attraction.
  2723 | D:4      | Found a staircase to the Ecumenical Temple.
  2745 | D:4      | Found a radiant altar of Vehumet.
  2746 | D:4      | 2746 ||| Stepping ~*~*~tactically~*~*~ (hiding).
  2747 | D:4      | 2747 ||| Stepping ~*~*~tactically~*~*~ (hiding).
  2749 | D:4      | 2749 ||| Stepping ~*~*~tactically~*~*~ (hiding).
  2892 | D:4      | Found an ancient bone altar of Kikubaaqudgha.
  3055 | D:4      | Reached XP level 6. HP: 59/59 MP: 6/6
  3058 | D:4      | Reached skill level 7 in Unarmed Combat
  3060 | D:4      | Noticed Menkaure
  3062 | D:4      | Noticed Grinder
  3063 | D:4      | 3063 ||| INVOKING Fiery Armour.
  3068 | D:4      | HP: 2/59 [Menkaure (15)]
  3069 | D:4      | 3069 ||| READING 2 scrolls of teleportation.
  3069 | D:4      | Killed from afar by Grinder

Levels and vault maps discovered:
D:1:      evilmike_arrival_plus, layout_loops_ring
D:2:      layout_loops_ring, serial_shops, shop, uniq_robin, uniq_jessica
D:3:      layout_basic, lemuel_tele_altar, serial_shops, shop_fountains,
          dilly_ecumenical_altar_fadedgnrine
D:4:      layout_basic, mainiacjoe_overflow_paths, vehumet_altar_wand_db,
          minmay_temple_entry_stoned_glass, kennysheep_nondescript,
          uniq_menkaure, uniq_grinder

Skill      XL: |  1  2  3  4  5  6 |
---------------+-------------------+-----
Unarmed Combat | 4 5 6 7 |  7.0
Fighting       | |  2.4
Spellcasting   | |  1.0
Fire Magic     | |  2.1

Action                   |  1- 3 |  4- 6 || total
-------------------------+-------+-------++-------
Melee: Unarmed           |    87 |   111 ||   198
       Punch             |     2 |     2 ||     4
Throw: Boomerang         |       |    37 ||    37
Invok: Fiery Armour      |       |     2 ||     2
  Use: Scroll            |     4 |     8 ||    12
       Potion            |       |     3 ||     3
Armor: Robe              |    34 |    23 ||    57
Dodge: Dodged            |    28 |    40 ||    68

Table legend:
 A = Non-vault XP
 B = Vault XP
 C = Vault XP percentage of total XP
 D = Non-vault monster count
 E = Vault monster count
 F = Vault count percentage of total count
                 A         B        C        D         E       F
            +---------+---------+-------+---------+---------+-------
      Total |     373 |      76 |  16.9 |      62 |      14 |  18.4
            +---------+---------+-------+---------+---------+-------
        D:1 |      31 |       8 |  20.5 |      15 |       4 |  21.1
        D:2 |      43 |      66 |  60.6 |      14 |       9 |  39.1
        D:3 |     219 |       0 |   0.0 |      27 |       0 |   0.0
        D:4 |      80 |       2 |   2.4 |       6 |       1 |  14.3
            +---------+---------+-------+---------+---------+-------
